 Dungeon Crawl Stone Soup version 0.29-a0-972-g43c84944fd (webtiles) character file.

Game seed: 1697756333189756706

15 ILmort the Conjurer (level 2, -1/20 HPs)
             Began as a Draconian Conjurer on July 31, 2022.
             Slain by a quokka (2 damage)
             ... on level 1 of the Dungeon.
             The game lasted 00:05:15 (1801 turns).

ILmort the Conjurer (Draconian Conjurer)            Turns: 1801, Time: 00:05:20

Health: -1/20      AC:  4    Str:  9    XL:     2   Next: 34%
Magic:  5/5        EV: 12    Int: 18    God:
Gold:   36         SH:  0    Dex:  9    Spells: 4/5 levels left

rFire   . . .      SeeInvis .   d - +0 club
rCold   . . .      Faith    .   (no shield)
rNeg    . . .      Spirit   .   (body armour unavailable)
rPois   .          Reflect  .   (helmet restricted)
rElec   .          Harm     .   (no cloak)
rCorr   .          Rampage  .   (no gloves)
Will    .....                   (no boots)
Stlth   ++........              (no amulet)
HPRegen 0.06/turn               (no ring)
MPRegen 0.09/turn               (no ring)

@: no status effects
A: AC +4, unfitting armour, cold-blooded
a: no special abilities


You were on level 1 of the Dungeon.
You visited 1 branch of the dungeon, and saw 1 of its levels.

You collected 36 gold pieces.

Inventory:

Hand Weapons
 d - a +0 club (weapon)
 e - a +0 dagger
 g - a +0 dagger
 l - a +0 dagger
Missiles
 h - 5 stones
Armour
 m - a +0 leather armour
Scrolls
 f - a scroll of vulnerability {unknown}
 n - a scroll of immolation {unknown}
Potions
 a - a potion of magic
 b - a potion of cancellation {unknown}
 c - 2 potions of haste {unknown}
 i - a potion of ambrosia {unknown}
 j - a potion of might {unknown}
 k - a potion of curing {unknown}


   Skills:
 + Level 0.3 Maces & Flails
 + Level 1.9 Dodging
 + Level 2.0 Stealth
 + Level 2.0 Spellcasting
 + Level 4.4 Conjurations


You had 4 spell levels left.
You knew the following spells:

 Your Spells              Type           Power      Damage    Failure   Level
a - Magic Dart            Conj           68%        1d6       3%          1

Your spell library contained the following spells:

 Spells                   Type           Power      Damage    Failure   Level
 Searing Ray              Conj           34%        2d5       4%          2
 Dazzling Flash           Conj/Hex       18%        N/A       22%         3
 Ozocubu's Armour         Ice            1%         N/A       47%         3
 Fulminant Prism          Conj/Hex       4%         3d6       58%         4
 Iskenderun's Mystic Bla  Conj/Tloc      9%         2d4       58%         4
 Ozocubu's Refrigeration  Ice            0%         4d5       100%        7


Dungeon Overview and Level Annotations

Branches:
Dungeon (1/15)

Altars:


Innate Abilities, Weirdness & Mutations

Your plain brown scales are hard. (AC +4)
You cannot fit into any form of body armour.
You are cold-blooded and may be slowed by cold attacks.


Message History

The quokka is heavily wounded.
The quokka barely misses you. The quokka misses you.
You closely miss the quokka.
Your tail-slap misses the quokka.
The quokka is heavily wounded.
The quokka barely misses you.
You closely miss the quokka.
The quokka is heavily wounded.
The quokka barely misses you.
The quokka bites you but does no damage.
You hit the quokka but do no damage.
The quokka is heavily wounded.
The quokka barely misses you.
You closely miss the quokka.
The quokka is heavily wounded.
The quokka bites you but does no damage.
The quokka barely misses you.
You hit the quokka.
The quokka is severely wounded.
The quokka bites you.
* * * LOW HITPOINT WARNING * * *
You closely miss the quokka.
The quokka is severely wounded.
The quokka closely misses you. The quokka bites you.
* * * LOW HITPOINT WARNING * * *
You hit the quokka but do no damage.
Your tail-slap misses the quokka.
The quokka is heavily wounded.
The quokka closely misses you.
You barely miss the quokka.
The quokka is heavily wounded.
The quokka misses you. The quokka closely misses you.
You barely miss the quokka.
The quokka is heavily wounded.
The quokka bites you but does no damage.
You hit the quokka.
The quokka is almost dead.
The quokka bites you.
* * * LOW HITPOINT WARNING * * *
The quokka twitches its whiskers.
The quokka bites you.
You die...

#.##.#.#.#.#
.......#####.##.......#
#.#.#..#.....####.#####
.?.....#.###### #.#
#.#.#..#.#....###.##
.......#.#.....##..#####
#.#.#..#.#.....##.......
....$..#.#.....#########
#....@.#..............
###.r.#########.######
#...# #...#..## ......
#......## ###...#
#......## ##.##
#.>...... ## #....####
#........ #.#######


You could see a quokka.

Vanquished Creatures
  4 bats (D:1)
  2 giant cockroaches (D:1)
  2 goblins (D:1)
  A kobold (D:1)
  2 ball pythons (D:1)
  2 rats (D:1)
  A bush (D:1)
14 creatures vanquished.

Vanquished Creatures (others)
  A plant (D:1)
1 creature vanquished.

Grand Total: 15 creatures vanquished

Notes
Turn   | Place    | Note
-------+----------+-------------------------------------------
     0 | D:1      | ILmort the Draconian Conjurer began the quest for the Orb.
     0 | D:1      | Reached XP level 1. HP: 14/14 MP: 3/3
   413 | D:1      | Found a faded altar of an unknown god.
  1164 | D:1      | Reached XP level 2. HP: 20/20 MP: 5/5
  1801 | D:1      | HP: 1/20 [quokka (3)]
  1801 | D:1      | Slain by a quokka

Illustrated notes

Levels and vault maps discovered:
D:1:      sevenhm_arrival_forest_fort_large_4, layout_loops_ring,
          serial_co_window_serial, co_window_of_opportunity_a,
          co_window_paths_a, co_window_corner_a, co_window_paths_a,
          co_window_corner_a, co_window_corner_a, co_window_broadway_c,
          co_window_paths_c, co_window_corner_ca, co_window_of_opportunity_c,
          co_window_4corner_b, co_window_sun, glass_columns_b, glass_columns_b,
          glass_columns_a, hellmonk_ecumenical_altar_arch_garden,
          chequers_serial_rivers_small_b, minmay_tromino_mix6

Skill      XL: |  1  2 |
---------------+-------+-----
Stealth        | 2 |  2.0
Maces & Flails | |  0.3
Dodging        | |  1.9
Spellcasting   | |  2.0
Conjurations   | |  4.4

Action                   || total
-------------------------++-------
Melee: Club              ||   377
       Tailslap          ||    80
       Punch             ||     3
 Stab: Sleeping          ||     1
Armor: Skin              ||    58
Dodge: Dodged            ||   112

Table legend: (Time is in decaauts)
 A = Elapsed time spent in this place.
 B = Non-inter-level travel time spent in this place.
 C = Inter-level travel time spent in this place.
 D = Time resting spent in this place.
 E = Time spent auto-exploring this place.
 F = Levels seen in this place.
 G = Mean time per level.
                   A        B        C        D        E       F      G
               +--------+--------+--------+--------+--------+-----+--------+
         Total |   1917 |   1917 |      0 |      0 |   1043 |   1 | 1917.0 |
       Dungeon |   1917 |   1917 |      0 |      0 |   1043 |   1 | 1917.0 |
               +--------+--------+--------+--------+--------+-----+--------+

Top non-repeatable levels by time:
     D:1: 1917 daAuts
